 Dungeon Crawl Stone Soup version 0.31-a0-988-g08d55dae12 (webtiles) character file.

Game seed: 13427856753908226590

7 Pixllover the Grasshopper (level 1, 0/18 HPs)
             Began as an Armataur Warper on Nov 4, 2023.
             Slain by a rat (2 damage)
             ... on level 1 of the Dungeon.
             The game lasted 00:00:25 (24 turns).

Pixllover the Grasshopper (Armataur Warper)           Turns: 24, Time: 00:00:26

Health: 0/18       AC:  4    Str: 16    XL:     1   Next: 83%
Magic:  3/3        EV:  9    Int: 13    God:
Gold:   0          SH:  0    Dex:  9    Spells: 3/3 levels left

rFire   . . .        a - +0 mace
rCold   . . .        (no shield)
rNeg    . . .        b - +0 leather armour
rPois   .            (no helmet)
rElec   .            (no cloak)
rCorr   .            (no gloves)
SInv    .            (no barding)
Will    .....        (no amulet)
Stlth   +            (no ring)
HPRegen 0.23/turn    (no ring)
MPRegen 0.08/turn

%: roll
@: no status effects
A: large, rugged brown scales 3, deformed body, armoured tail, roll, long
tongue, awkward tongue
a: no special abilities


You were on level 1 of the Dungeon.
You visited 1 branch of the dungeon, and saw 1 of its levels.

Inventory:

Hand Weapons
 a - a +0 mace (weapon)
Missiles
 d - 7 darts of dispersal (quivered)
Armour
 b - a +0 leather armour (worn)
Scrolls
 c - a scroll of blinking


   Skills:
 + Level 1.9 Fighting
 + Level 1.8 Maces & Flails
 + Level 0.8 Throwing
 + Level 1.2 Armour
 + Level 1.4 Dodging
 + Level 1.7 Spellcasting
 + Level 3.2 Translocations


You had 3 spell levels left.
You didn't know any spells.
Your spell library contained the following spells:

 Spells                   Type           Power      Damage    Failure   Level
 Blink                    Tloc           18%        N/A       13%         2
 Lesser Beckoning         Tloc           18%        N/A       13%         2
 Teleport Other           Tloc           9%         N/A       26%         3
 Manifold Assault         Tloc           9%         N/A       63%         4
 Vhi's Electric Charge    Tloc/Air       10%        N/A       86%         4


Dungeon Overview and Level Annotations

Branches:
Dungeon (1/15)

Altars:


Innate Abilities, Weirdness & Mutations

You are completely covered in rugged brown scales. (AC +3, +7% HP)
Armour fits poorly on your strangely shaped body.
You have a long armoured tail.
You roll when moving toward enemies. (Rampage)
Your long tongue fully drains potion bottles. (2x potion effects)
Your tongue gives you trouble enunciating. (1.5x scroll delay)


Message History

You closely miss the ball python. The ball python bites you. x2
You roll towards the kobold!
The ball python bites you but does no damage.
The kobold closely misses you.
You hit the kobold.
You kill the kobold!
A goblin comes into view. It is wielding a +0 club.
The ball python bites you. The kobold hits you but does no damage.
The ball python barely misses you.
Found 12 gold pieces.
The kobold barely misses you. The rat closely misses you.
Things that are here:
a +0 dagger; a kobold corpse The ball python attacks as it pursues you!
The ball python bites you but does no damage.
The rat closely misses you.
You completely miss the ball python.
The ball python bites you but does no damage.
The rat bites you but does no damage. The ball python barely misses you.
You closely miss the ball python.
The rat twitches its whiskers.
The rat barely misses you.
The kobold hits you with a +3 short sword.
The ball python bites you but does no damage.
You hit the ball python.
You kill the ball python!
The rat bites you.
The kobold hits you with a +3 short sword.
* * * LOW HITPOINT WARNING * * *
The rat bites you.
* * * LOW HITPOINT WARNING * * *
The goblin hits you but does no damage.
The kobold hits you with a +3 short sword.
* * * LOW HITPOINT WARNING * * *
You barely miss the goblin. You tail-slap the goblin.
You kill the goblin!
The rat bites you but does no damage. The kobold misses you.
You hit the kobold.
You kill the kobold!
The rat bites you.
You die...

###########
.#.....#...###########
........>..#P#P#P#P#P###
.........[.............#
........).........PP..<#
......!@)..............#
.......)r.)#P#P#P#P#P###
...........###########
.............
....[..........
.........!....$.
.....[....#.....
..........#.....


You could see a rat.

Vanquished Creatures
  A ball python (D:1)
  A giant cockroach (D:1)
  2 goblins (D:1)
  2 kobolds (D:1)
6 creatures vanquished.

Notes
Turn   | Place    | Note
-------+----------+-------------------------------------------
     0 | D:1      | Pixllover the Armataur Warper began the quest for the Orb.
     0 | D:1      | Reached XP level 1. HP: 18/18 MP: 3/3
    24 | D:1      | Slain by a rat

Illustrated notes

Levels and vault maps discovered:
D:1:      minmay_arrival_plants_in_alcoves, layout_rooms

Action                     || total
---------------------------++-------
  Melee: Mace              ||     9
         Tailslap          ||     1
 Armour: Leather armour    ||    20
  Dodge: Dodged            ||    10

Table legend: (Time is in decaauts)
 A = Elapsed time spent in this place.
 B = Non-inter-level travel time spent in this place.
 C = Inter-level travel time spent in this place.
 D = Time resting spent in this place.
 E = Time spent auto-exploring this place.
 F = Levels seen in this place.
 G = Mean time per level.
                   A        B        C        D        E       F      G
               +--------+--------+--------+--------+--------+-----+--------+
         Total |     26 |     26 |      0 |      0 |      5 |   1 |   26.0 |
       Dungeon |     26 |     26 |      0 |      0 |      5 |   1 |   26.0 |
               +--------+--------+--------+--------+--------+-----+--------+

Top non-repeatable levels by time:
     D:1: 26 daAuts
